y, lawful male dwarven Archeologist --------- |..$....| ----- |.......| ----- ...| |..._...| |... ---------..-- |.......| --..--------- |.....".|...-- | |.......| | ..-- --`..|.......| |.....&.|H...---. |. ----.---- .| ...`---.```|`......| |...@@..-.w~.A-...... |.....`.......| ....````.``%*..._...| |..(....|.`..---..`... ---.........--- ..```.---..`.|.......| |.......|...-- --...`. -----|----- `..` --...|.......| ---------..-- -+-- .`. --|-- --..--------- ...| ...----- .... ----``. |... ----- .%......% `... .%`````.. ----- ----..`- ..%`. -..`----- ..`.-- `... -..`.| -..`----%----`..--- ...``...%...... ------------ y the Spelunker Experience level: 18 Strength: 25 Dexterity: 18 Constitution: 19 Intelligence: 16 Wisdom: 16 Charisma: 10 Health: 322(322) Energy: 62(62) Def: 62 Gold: 0 Moves: 69904 Dungeon seed: 4d-L4x6-0bBiS6V4 Game ID: y_1555592338 Your Inventory: Weapons j - a +7 silver saber A - 4 +0 elven daggers (in quiver) H - the +7 Grayswandir Armor e - a blessed fireproof +6 elven shield (being worn) m - a blessed +5 silver dragon scale mail (being worn) n - a blessed greased fireproof +6 elven leather helm (being worn) r - a blessed greased fireproof +5 pair of jumping boots (being worn) u - an uncursed +4 Hawaiian shirt (being worn) y - an uncursed rustproof +5 pair of gauntlets of power (being worn) R - a blessed greased fireproof +4 cloak of protection (being worn) Comestibles o - 3 uncursed lumps of royal jelly S - a blessed cockatrice corpse (weapon in hand) X - an uncursed lizard corpse Potions B - an uncursed potion of full healing G - an uncursed potion of paralysis Rings l - a cursed ring of slow digestion L - an uncursed ring of free action (on right hand) M - an uncursed ring of levitation Wands k - a wand of death (1:3) C - a wand of teleportation (0:0) E - a wand of digging (0:4) Q - a wand of teleportation (0:0) T - a wand of wishing (1:0) Tools c - the blessed Orb of Detection (0:0) p - an uncursed towel q - a blessed +0 unicorn horn s - an uncursed pair of lenses t - an uncursed stethoscope v - an uncursed skeleton key x - a blessed bag of holding D - an uncursed magic whistle Z - an expensive camera (0:57) Gems J - an uncursed luckstone Contents of the bag of holding: a -1 boomerang a blessed +1 elven dagger an uncursed +0 pair of levitation boots an uncursed +0 pair of speed boots a blessed +2 pair of water walking boots 8 uncursed C-rations an uncursed K-ration an uncursed cream pie 7 uncursed food rations an uncursed lembas wafer 2 uncursed lumps of royal jelly 3 uncursed scrolls of blank paper a cursed scroll of charging an uncursed scroll of confuse monster 2 blessed scrolls of enchant weapon an uncursed scroll of enchant weapon 3 uncursed scrolls of light a cursed scroll of light a blessed scroll of remove curse 3 uncursed scrolls of remove curse a cursed scroll of teleportation 2 uncursed potions of enlightenment a cursed potion of extra healing 2 blessed potions of full healing 3 uncursed potions of full healing 2 blessed potions of gain energy 4 uncursed potions of gain level 3 uncursed potions of healing a cursed potion of healing 6 potions of holy water 3 uncursed potions of paralysis an uncursed potion of restore ability an uncursed potion of water an uncursed +1 ring of adornment an uncursed ring of free action an uncursed +2 ring of gain strength an uncursed +1 ring of gain strength a cursed -1 ring of gain strength an uncursed +2 ring of increase accuracy an uncursed ring of polymorph control an uncursed ring of polymorph control named 150 a blessed +1 ring of protection an uncursed ring of protection from shape changers an uncursed ring of protection from shape changers an uncursed ring of protection from shape changers named pr shape ch an uncursed ring of regeneration named 100 an uncursed ring of see invisible named 75 an uncursed ring of shock resistance an uncursed ring of shock resistance a cursed ring of sustain ability a cursed ring of teleportation a wand of cold (0:4) a wand of cold (0:3) a wand of digging (0:8) a wand of digging (0:8) a wand of digging (0:7) a wand of digging (0:6) a cursed wand of digging (0:6) a wand of digging (0:5) a wand of digging (0:5) a wand of digging (0:3) a wand of digging (0:1) a wand of fire (0:2) a wand of lightning (0:6) a wand of lightning (0:5) a wand of lightning (0:4) a wand of lightning (0:1) a wand of magic missile (0:8) a wand of magic missile (0:8) a wand of magic missile (0:5) a wand of magic missile (0:5) a wand of magic missile (0:4) a wand of magic missile (0:0) a wand of magic missile (0:0) a wand of speed monster (0:5) a wand of striking (0:8) a wand of striking (0:4) a wand of striking (0:1) a wand of striking (0:0) a can of grease (0:14) a magic marker (0:40) a blessed wax candle (0:400) an uncursed wax candle (0:400) 13 uncursed amethyst stones an uncursed chrysoberyl stone 3 uncursed diamonds 5 uncursed emeralds an uncursed garnet stone 2 uncursed jacinth stones 9 uncursed opals 13 uncursed rubies 3 uncursed topaz stones an uncursed touchstone an uncursed turquoise stone Spells and supernatural/magical abilities: Name Level Category Fail Memory a - force bolt 1* attack 100% 0% c - cause fear 3* enchantment 100% 0% d - dig 5* matter 100% 0% e - charm monster 3* enchantment 100% 0% f - fireball 4* attack 100% 0% h - healing 1 healing 100% 89% k - knock 1* matter 100% 0% p - protection 1* clerical 100% 0% r - remove curse 3* clerical 100% 0% s - slow monster 2* enchantment 100% 0% t - teleport away 6* escape 100% 0% u - confuse monster 2* enchantment 100% 0% x - extra healing 3* healing 100% 0% z - sleep 1* enchantment 100% 0% C - cancellation 7* matter 100% 0% H - haste self 3* escape 100% 0% L - levitation 4* escape 100% 0% P - polymorph 6 matter 100% 90% R - restore ability 4* healing 100% 0% W - pray for help -- divine ? -- Y - supernatural jump -- ability ? -- Your skills at the end: Fighting Skills two weapon combat [Basic] Weapon Skills pick-axe [Skilled] saber [Expert] whip [Basic] Spellcasting Skills Final Attributes: You were piously aligned. You were fire resistant. You were cold resistant. You were sleep resistant. You were disintegration-resistant. You were poison resistant. You were magic-protected. You saw invisible. You were telepathic. You had automatic searching. You had infravision. You were invisible to others. You were stealthy. You could jump. You were protected. You were fast. You had reflection. You had free action. You were very lucky. You had extra luck. Bad luck did not time out for you. Good luck did not time out for you. You survived. Vanquished creatures: Asmodeus Baalzebub Orcus Juiblex The Wizard of Yendor (thrice) Death (thrice) Famine an arch-lich a high priest Medusa Croesus 14 krakens 3 iron golems 5 storm giants 5 glass golems 4 balrogs The Minion of Huhetotl 6 purple worms 2 gray dragons 3 silver dragons 7 red dragons 4 white dragons an orange dragon 5 black dragons 6 blue dragons a green dragon 25 minotaurs 3 jabberwocks 9 baluchitheria 20 Angels Vlad the Impaler 4 stone golems 2 master mind flayers 16 Olog-hai 6 Nazgul 6 pit fiends 4 sandestins 3 hell hounds 11 titanotheres 4 trappers a baby gray dragon 28 vampire lords 6 shades 5 skeletons a guard 38 aligned priests 12 captains 2 liches 5 water trolls 3 clay golems 7 nurses 7 ice devils 7 nalfeshnees 5 lurkers above 7 frost giants 3 ettins 3 golden nagas 10 black puddings 37 vampires 34 ghosts 11 lieutenants a monk a priest 2 wizards 2 queen bees 5 winged gargoyles 5 mind flayers 14 giant mimics 14 zruties 7 ogre kings 3 ice trolls 6 rock trolls 5 umber hulks 4 Elvenkings 7 doppelgangers 11 hezrous 15 bone devils 14 large mimics a wumpus 2 fire vortices a baby purple worm 7 long worms 2 couatls 12 stalkers 11 air elementals 3 fire elementals 6 earth elementals 6 water elementals 7 hill giants 5 giant mummies a black naga 9 xorns 14 giant zombies 25 elf-lords 27 sergeants 2 barbed devils 6 vrocks 5 salamanders 16 wargs 6 winter wolves 10 hell hound pups 17 small mimics 2 glass piercers 8 warhorses 4 steam vortices 8 xans 4 ettin mummies 11 ogre lords 14 quantum mechanics 13 trolls 6 wood golems an erinys 7 mariliths 4 sharks 8 electric eels 11 gelatinous cubes 4 pyrolisks 6 large dogs 6 freezing spheres 7 flaming spheres 5 shocking spheres 5 large cats 8 tigers 6 gargoyles a dwarf king a tengu 4 ochre jellies 10 leocrottas 6 energy vortices 7 mountain centaurs 4 stone giants 9 elf mummies 37 human mummies 6 red nagas 2 green slimes 16 pit vipers 10 pythons 11 cobras 46 wraiths 4 carnivorous apes 11 ettin zombies 2 leather golems 7 Grey-elves 120 soldiers 4 watchmen 3 horned devils 2 succubi 6 incubi 12 chameleons 4 crocodiles 15 giant beetles 12 quivering blobs 17 cockatrices 28 wolves 9 winter wolf cubs 6 lynxes 2 panthers 40 gremlins 5 spotted jellies 36 leprechauns 5 orc-captains 6 iron piercers 2 mumakil 10 giant spiders 10 scorpions 4 horses an ice vortex 8 black lights 12 vampire bats 6 forest centaurs a gnome king 8 orc mummies 6 dwarf mummies 5 ogres 7 brown puddings 7 rust monsters 19 owlbears 6 yetis 4 gold golems a werewolf 16 Green-elves 6 piranhas 13 giant eels 26 lizards 18 chickatrices 2 dogs 3 dingos 3 housecats 11 jaguars a dwarf lord 9 blue jellies a white unicorn 8 gray unicorns 5 black unicorns 5 dust vortices 10 ravens 5 plains centaurs 13 gnome mummies 36 snakes 4 water moccasins 23 apes 23 human zombies 3 rope golems 24 Woodland-elves 20 soldier ants 7 fire ants 25 bugbears an imp 3 lemures 12 quasits 4 wood nymphs 6 water nymphs 5 mountain nymphs 21 Mordor orcs 23 Uruk-hai an orc shaman 14 rock piercers 10 rock moles 6 ponies 7 fog clouds 14 yellow lights 3 shriekers 6 violet fungi 4 gnome lords 3 gnomish wizards 4 kobold mummies a black naga hatchling 3 golden naga hatchlings 2 guardian naga hatchlings 15 gray oozes 7 barrow wights 25 elf zombies 14 ghouls 5 straw golems 4 paper golems 7 jellyfish 2 baby crocodiles 19 giant ants 7 little dogs 11 floating eyes 3 kittens 3 dwarves 4 homunculi 3 kobold lords 3 kobold shamans 51 hill orcs 14 rothes 4 rabid rats a centipede 12 giant bats 4 monkeys 16 orc zombies 17 dwarf zombies 4 wererats 4 werejackals 22 iguanas 52 killer bees 7 acid blobs 4 coyotes 3 gas spores 5 hobbits 12 manes 2 large kobolds 21 hobgoblins 15 giant rats 17 cave spiders 4 brown molds 5 yellow molds 6 green molds 3 red molds 24 gnomes 108 garter snakes 15 gnome zombies 14 geckos 20 jackals 8 foxes 7 kobolds 6 goblins 11 sewer rats 22 grid bugs 7 bats 23 lichens 15 kobold zombies 13 newts 2739 creatures vanquished. Genocided or extinct species: master mind flayers liches demiliches master liches arch-liches rust monsters disenchanters garter snakes (extinct) soldiers (extinct) jellyfish piranhas sharks giant eels electric eels krakens 13 species genocided. 2 species extinct. Voluntary challenges: You used a wielded weapon 4115 times, starting on turn 43. You read items or engraved 432 times, starting on turn 1564. You genocided 13 types of monsters, starting on turn 45125. You polymorphed 46 items, starting on turn 15906. You never changed form. You used 7 wishes, starting on turn 43650. You did not wish for any artifacts. You never split a pudding. You wrote Elbereth's name 39 times, starting on turn 1916. You violated your moral code, losing 268 points of alignment, starting on turn 3122. Dungeon overview: The Dungeons of Doom: levels 1 to 25 Level 1 a sink stairs to The Elemental Planes Level 2 stairs to The Gnomish Mines Level 3 a general store Level 4 a fountain Level 5 Level 6 Level 7 some fountains Level 8 stairs to Sokoban Level 9 Level 10 many fountains Level 11 a fountain Level 12 a fountain Level 13 a general store portal to The Quest Level 14 a fountain Level 15 Level 16 Level 17 portal to Fort Ludios Level 18 Level 19 an altar to Quetzalcoatl Level 20 Level 21 some fountains Level 22 a fountain Level 23 Level 24 Level 25 Gehennom: levels 26 to 48 Level 26 a temple to Moloch stairs to The Dungeons of Doom Level 27 Level 28 Level 29 Level 30 Level 31 Level 32 Level 33 Level 34 Level 35 Level 36 Level 37 stairs to Vlad's Tower Level 38 portal to Gehennom Level 39 some shops, an altar to Moloch Level 40 Level 41 Level 42 Level 43 Level 44 Level 45 portal to Gehennom Level 46 Level 47 Level 48 The Gnomish Mines: levels 3 to 11 Level 3 stairs to The Dungeons of Doom Level 4 Level 5 Level 6 many shops, a temple to Quetzalcoatl, a fountain Level 7 Level 8 Level 9 Level 10 Level 11 The Quest: levels 1 to 5 Level 1 portal to The Dungeons of Doom Level 2 Level 3 some temples to Quetzalcoatl, Camaxtli, and Huhetotl Level 4 Level 5 a temple to Huhetotl Sokoban: levels 4 to 7 Level 4 Level 5 Level 6 Level 7 stairs to The Dungeons of Doom Fort Ludios: Level 1 portal to The Dungeons of Doom Vlad's Tower: levels 34 to 36 Level 34 Level 35 Level 36 stairs to Gehennom The Elemental Planes: Astral Plane <- You were here some high altars Plane 4 portal to The Elemental Planes Plane 3 portal to The Elemental Planes Plane 2 portal to The Elemental Planes Plane 1 portal to The Elemental Planes History has recorded: On T:1 you entered the Dungeons of Doom to retrieve the Amulet of Yendor! On T:188 you reached level 2 of The Dungeons of Doom. On T:505 you reached level 1 of The Gnomish Mines. On T:554 you advanced to experience level 2. On T:629 you reached level 3 of The Dungeons of Doom. On T:836 you reached level 4 of The Dungeons of Doom. On T:960 you advanced to experience level 3. On T:1364 you reached level 2 of The Gnomish Mines. On T:1611 you reached level 3 of The Gnomish Mines. On T:1627 you reached level 4 of The Gnomish Mines. On T:2206 you advanced to experience level 4. On T:3128 you reached level 5 of The Dungeons of Doom. On T:3408 you advanced to experience level 5. On T:3560 you reached level 6 of The Dungeons of Doom. On T:3917 you reached level 7 of The Dungeons of Doom. On T:3941 you reached level 8 of The Dungeons of Doom. On T:5475 you advanced to experience level 6. On T:6291 you advanced to experience level 7. On T:6400 you reached level 9 of The Dungeons of Doom. On T:6890 you reached level 4 of Sokoban. On T:7538 you reached level 3 of Sokoban. On T:8589 you reached level 2 of Sokoban. On T:9575 you reached level 1 of Sokoban. On T:9632 you advanced to experience level 8. On T:11301 you reached level 10 of The Dungeons of Doom. On T:12345 you reached level 5 of The Gnomish Mines. On T:12648 you reached level 6 of The Gnomish Mines. On T:12742 you reached level 7 of The Gnomish Mines. On T:13234 you reached level 8 of The Gnomish Mines. On T:13312 you reached level 9 of The Gnomish Mines. On T:15018 you advanced to experience level 9. On T:15614 you reached level 11 of The Dungeons of Doom. On T:15962 you reached level 12 of The Dungeons of Doom. On T:16360 you reached level 13 of The Dungeons of Doom. On T:16404 you reached level 14 of The Dungeons of Doom. On T:16539 you reached level 1 of The Quest. On T:18263 you advanced to experience level 10. On T:18766 you reached level 15 of The Dungeons of Doom. On T:18814 you reached level 16 of The Dungeons of Doom. On T:19458 you reached level 17 of The Dungeons of Doom. On T:19708 you reached level 18 of The Dungeons of Doom. On T:19927 you reached level 19 of The Dungeons of Doom. On T:20523 you reached Fort Ludios. On T:23104 you received Grayswandir from Quetzalcoatl. On T:23993 you advanced to experience level 11. On T:25075 you reached level 20 of The Dungeons of Doom. On T:25442 you reached level 21 of The Dungeons of Doom. On T:26287 you advanced to experience level 12. On T:27575 you reached level 22 of The Dungeons of Doom. On T:28076 you reached level 23 of The Dungeons of Doom. On T:28713 you advanced to experience level 13. On T:32173 you advanced to experience level 14. On T:32177 you advanced to experience level 15. On T:32847 you embarked upon an epic quest. On T:32908 you reached level 2 of The Quest. On T:33138 you reached level 3 of The Quest. On T:34057 you reached level 4 of The Quest. On T:34071 you reached level 5 of The Quest. On T:34855 you killed Minion of Huhetotl on level 5 of The Quest. On T:40633 you killed Croesus in Fort Ludios. On T:42374 you reached level 24 of The Dungeons of Doom. On T:42388 you killed Medusa on level 24 of The Dungeons of Doom. On T:42662 you reached The Castle. On T:43650 you wished for "blessed rustproof +3 gauntlets of power". On T:43658 you wished for "magic marker". On T:44259 you advanced to experience level 16. On T:45117 you wished for "3 scroll of genocide". On T:45118 you wished for "magic marker". On T:45212 you reached level 2 of Gehennom. On T:45664 you reached level 3 of Gehennom. On T:46401 you reached level 4 of Gehennom. On T:47526 you received Dragonbane from Quetzalcoatl. On T:51866 you reached level 5 of Gehennom. On T:52218 you killed Juiblex on level 5 of Gehennom. On T:52376 you reached level 6 of Gehennom. On T:53043 you killed Asmodeus on level 6 of Gehennom. On T:53474 you reached level 7 of Gehennom. On T:53937 you killed Baalzebub on level 7 of Gehennom. On T:54174 you reached level 8 of Gehennom. On T:55115 you reached level 9 of Gehennom. On T:55783 you reached level 10 of Gehennom. On T:56461 you reached level 11 of Gehennom. On T:57257 you reached level 12 of Gehennom. On T:57338 you reached level 3 of Vlad's Tower. On T:57487 you reached level 2 of Vlad's Tower. On T:57609 you reached level 1 of Vlad's Tower. On T:57658 you killed Vlad the Impaler on level 1 of Vlad's Tower. On T:58418 you reached level 13 of Gehennom. On T:59028 you reached level 14 of Gehennom. On T:59168 you reached level 15 of Gehennom. On T:60097 you reached level 17 of Gehennom. On T:60553 you killed Orcus on level 14 of Gehennom. On T:60835 you advanced to experience level 17. On T:61548 you wished for "magic marker". On T:63288 you reached level 18 of Gehennom. On T:63421 you reached level 19 of Gehennom. On T:63456 you reached level 21 of Gehennom. On T:64048 you reached level 22 of Gehennom. On T:64063 you reached level 20 of Gehennom. On T:67925 you wished for "blessed rustproof ring of teleport control". On T:68020 you killed Wizard of Yendor on level 11 of Gehennom. On T:68038 you performed the invocation. On T:68042 you reached level 23 of Gehennom. On T:68103 you advanced to experience level 18. On T:68215 you killed high priest of Moloch on level 23 of Gehennom. On T:68219 you gained the Amulet of Yendor! On T:68764 you killed Wizard of Yendor in The Castle. On T:69103 you reached the Plane of Earth. On T:69104 you killed Wizard of Yendor on the Plane of Earth. On T:69154 you reached the Plane of Air. On T:69225 you reached the Plane of Fire. On T:69251 you reached the Plane of Water. On T:69675 you reached the Astral Plane. On T:69692 you killed Death on the Astral Plane. On T:69696 you wished for "blessed cockatrice corpse". On T:69773 you killed Death on the Astral Plane. On T:69848 you killed Death on the Astral Plane. On T:69850 you killed Famine on the Astral Plane. On T:69904 you lost the Amulet of Yendor. On T:69904 you offered the Amulet of Yendor to Quetzalcoatl and ascended to the status of Demigod! Score breakdown: Gold: 0 ( 0 points) Experience: 18 levels (22969 points) Exploration: 48 levels (100.00%) (30000 points) Discoveries: 118 items ( 40.41%) (19070 points) Valuables value: 97600 (16972 points) Artifact value: 10500 (13678 points) Variety of kills: 284 monsters ( 74.54%) (25901 points) Turncount: 69904 turns (-5251 points) Survival: ascended (score multiplied by 200%) Total score: 246678 Latest messages: You take off your amulet of life saving. You float in the opposite direction. You float in the opposite direction. You see a door open. You take off your ring of levitation. You float gently to the altar. You offer the Amulet of Yendor to Quetzalcoatl... An invisible choir sings, and you are bathed in radiance... The voice of Quetzalcoatl rings out: "Congratulations, mortal!" "In return for thy service, I grant thee the gift of Immortality!" You ascend to the status of Demigod... Final status: Goodbye y the Demigod, ascended... You went to your reward with 246678 points, The Orb of Detection (worth 2500 zorkmids) Grayswandir (worth 8000 zorkmids) 13 rubies (worth 45500 zorkmids), 13 amethyst stones (worth 7800 zorkmids), 9 opals (worth 7200 zorkmids), 5 emeralds (worth 12500 zorkmids), 3 diamonds (worth 12000 zorkmids), 3 topaz stones (worth 2700 zorkmids), 2 jacinth stones (worth 6500 zorkmids), 1 turquoise stone (worth 2000 zorkmids), 1 chrysoberyl stone (worth 700 zorkmids), 1 garnet stone (worth 700 zorkmids), and 0 pieces of gold, after 69904 moves. You were level 18 with a maximum of 322 hit points when you ascended.